 Dungeon Crawl Stone Soup version 0.31-a0-986-g5e6e4ef867 (console) character file.

Game seed: 3776217880400043037

3999 jejorda2 the Cleaver (level 10, -2/82 HPs)
             Began as a Gnoll Berserker on Nov 17, 2023.
             Was a Priest of Trog.
             Slain by a vampire (11 damage)
             ... on level 9 of the Dungeon.
             The game lasted 00:18:40 (8674 turns).

jejorda2 the Cleaver (Gnoll Berserker)              Turns: 8674, Time: 00:18:41

Health: -2/82      AC: 16    Str: 20    XL:     10   Next: 23%
Magic:  17/17      EV: 10    Int:  8    God:    Trog [***...]
Gold:   544        SH:  0    Dex: 11    Spells: 19/19 levels left

rFire   . . .        a - +0 war axe
rCold   . . .        (no shield)
rNeg    . . .        c - +0 chain mail
rPois   .            p - +1 helmet
rElec   .            m - +0 cloak
rCorr   +            y - +0 pair of gloves
SInv    .            x - +0 pair of boots
Will    .....        f - amulet of regeneration Stlth
                     s - ring of resist corrosion
HPRegen 1.13/turn    (no ring)
MPRegen 0.15/turn

%: no passive effects
@: on berserk cooldown, slowed, studying Ranged Weapons, very slow
A: fangs 1, strong nose, distributed training
a: Renounce Religion, Berserk, Trog's Hand


You were on level 9 of the Dungeon.
You worshipped Trog.
Trog was most pleased with you.
You visited 1 branch of the dungeon, and saw 9 of its levels.
You also visited: Ossuary.

You collected 544 gold pieces.

Inventory:

Hand Weapons
 a - a +0 war axe (weapon)
 b - a +1 heavy shortbow
 C - a +2 morningstar of venom
Missiles
 r - 2 javelins (quivered)
 u - 2 poisoned darts
 D - 4 boomerangs
Armour
 c - a +0 chain mail (worn)
 m - a +0 cloak (worn)
 p - a +1 helmet (worn)
 x - a +0 pair of boots (worn)
 y - a +0 pair of gloves (worn)
Jewellery
 f - an amulet of regeneration (around neck)
 s - a ring of resist corrosion (left hand)
 G - a ring of ice
Wands
 j - a wand of flame (21)
 k - a wand of mindburst (14)
 q - a wand of polymorph (6)
 A - a wand of roots (12)
 E - a wand of charming (5)
Scrolls
 d - 2 scrolls of identify
 g - a scroll of blinking
 h - 2 scrolls of poison
 l - 5 scrolls of teleportation
 t - 2 scrolls of fog
 F - a scroll of summoning
 H - a scroll of fear
 I - 2 scrolls of immolation
Potions
 e - 3 potions of curing
 i - 3 potions of lignification
 n - 3 potions of haste
 o - 3 potions of invisibility
 v - 3 potions of enlightenment
 w - a potion of heal wounds
 z - a potion of resistance
 B - a potion of mutation


   Skills:
 + Level 8.4 Fighting
 + Level 5.2 Short Blades
 + Level 5.2 Long Blades
 + Level 8.4 Axes
 + Level 5.2 Maces & Flails
 + Level 5.2 Polearms
 + Level 5.2 Staves
 + Level 5.8 Ranged Weapons
 + Level 5.2 Throwing
 + Level 7.0 Armour
 + Level 7.0 Dodging
 + Level 5.2 Stealth
 + Level 5.2 Shields
 + Level 5.2 Unarmed Combat
 + Level 5.2 Spellcasting
 + Level 4.2 Conjurations
 + Level 4.2 Hexes
 + Level 4.2 Summonings
 + Level 4.2 Necromancy
 + Level 4.2 Translocations
 + Level 4.2 Transmutations
 + Level 4.2 Fire Magic
 + Level 4.2 Ice Magic
 + Level 4.2 Air Magic
 + Level 4.2 Earth Magic
 + Level 4.2 Poison Magic
 + Level 5.7 Invocations
 + Level 5.2 Evocations
 + Level 4.7 Shapeshifting


You had 19 spell levels left.
You didn't know any spells.
Your spell library was empty.

Dungeon Overview and Level Annotations

Branches:
Dungeon (9/15)             Temple (0/1) D:4         Ossuary (visited)
   Lair: D:8-11         Orc: D:9-12

Altars:
Dithmenos
Gozag
Okawaru
Ru
Wu Jian
The Shining One


Innate Abilities, Weirdness & Mutations

You have very sharp teeth.
Your uncanny sense of smell can sniff out nearby items.
Your experience applies equally to all skills.


Message History

Something bites you.
Something draws strength from your injuries!
You closely miss something. Something hits you but does no damage.
Something bites you but does no damage.
You hit something. Something hits you. Something bites you but does no damage.
You miss something. You closely miss something. Your bite misses something.
Something hits you but does no damage. Something bites you but does no damage.
You closely miss something. Something hits you!
Something bites you but does no damage.
You barely miss something. Something hits you! Something bites you.
Something draws strength from your injuries!
You slash something! You bite something.
You feel the effects of Trog's Hand fading.
You barely miss something. Something hits you but does no damage.
Something bites you but does no damage.
You barely miss something. Something hits you but does no damage.
Something bites you but does no damage.
You closely miss something. Something hits you but does no damage.
Something completely misses you.
You closely miss something.
You are no longer berserk.
You are exhausted.
You feel yourself slow down.
You hit something but do no damage. Something hits you. Something bites you.
Something draws strength from your injuries!
Something hits you but does no damage. Something bites you but does no damage.
You slash something! Your bite misses something.
Your skin stops crawling.
You feel less strong-willed. Something hits you but does no damage.
Something bites you!
Something draws strength from your injuries!
You miss something. You bite something. Something hits you but does no damage.
Something bites you.
Something draws strength from your injuries!
Something hits you. Something bites you.
Something draws strength from your injuries!
You hit something but do no damage. Something draws life force from you!
* * * LOW HITPOINT WARNING * * *
Something hits you!
You die...

.....# .....# ##.....#
#############......#
#....##...........#
#....##.###.#.....#
#....<............#
.............†....#
...........#.##.@##
........##.#.###{.......
...........#.# #........
........#....# ..##.....
............## .## .....
............# .. .... ..
.# ... .# ...


There were no monsters in sight!

Vanquished Creatures
  A troll (D:7)
  A hornet (D:7)
  A wraith (Ossuary)
  Sigmund (D:2)
  A steam dragon (D:8)
  A water moccasin (D:7)
  An orc warrior (D:7)
  A sky beast (D:8)
  3 ice beasts
  A black bear (D:7)
  2 ogres (D:5)
  5 centaurs
  A phantom (D:5)
  3 bullfrogs
  2 scorpions (D:4)
  3 wights (D:6)
  3 howler monkeys
  A human zombie (Ossuary)
  8 jellies
  6 hounds
  5 orc priests
  6 iguanas
  4 orc wizards
  A sleepcap (D:5)
  Natasha (thrice) (D:2)
  3 mummies (Ossuary)
  3 gnolls (D:6)
  8 adders
  A shadow imp (D:5)
  3 white imps
  2 ufetubi (D:6)
  2 worms (D:4)
  3 dart slugs
  24 orcs
  14 endoplasms
  4 giant cockroaches
  2 goblins (D:4)
  8 hobgoblins
  12 jackals
  6 kobolds
  5 quokkas
  3 ball pythons
  3 bats
  6 frilled lizards
  A goblin zombie (Ossuary)
  2 hobgoblin zombies (Ossuary)
  3 kobold zombies (Ossuary)
  5 rats
188 creatures vanquished.

Vanquished Creatures (collateral kills)
  A gnoll bouda (D:7)
  4 gnolls (D:7)
5 creatures vanquished.

Grand Total: 193 creatures vanquished

Notes
Turn   | Place    | Note
-------+----------+-------------------------------------------
     0 | D:1      | jejorda2 the Gnoll Berserker began the quest for the Orb.
     0 | D:1      | Reached XP level 1. HP: 23/23 MP: 1/1
    90 | D:1      | Reached XP level 2. HP: 26/29 MP: 2/2
   420 | D:1      | Reached XP level 3. HP: 35/35 MP: 3/3
   658 | D:2      | Reached skill level 1 in Invocations
   671 | D:2      | Reached ** piety under Trog
   740 | D:2      | Noticed Sigmund
   751 | D:2      | Killed Sigmund
   752 | D:2      | Reached skill level 1 in Short Blades
   752 | D:2      | Reached skill level 1 in Long Blades
   752 | D:2      | Reached skill level 1 in Maces & Flails
   752 | D:2      | Reached skill level 1 in Polearms
   752 | D:2      | Reached skill level 1 in Staves
   752 | D:2      | Reached skill level 1 in Ranged Weapons
   752 | D:2      | Reached skill level 1 in Throwing
   752 | D:2      | Reached skill level 1 in Stealth
   752 | D:2      | Reached skill level 1 in Shields
   752 | D:2      | Reached skill level 1 in Unarmed Combat
   752 | D:2      | Reached skill level 1 in Spellcasting
   752 | D:2      | Reached skill level 1 in Conjurations
   752 | D:2      | Reached skill level 1 in Hexes
   752 | D:2      | Reached skill level 1 in Summonings
   752 | D:2      | Reached skill level 1 in Necromancy
   752 | D:2      | Reached skill level 1 in Translocations
   752 | D:2      | Reached skill level 1 in Transmutations
   752 | D:2      | Reached skill level 1 in Fire Magic
   752 | D:2      | Reached skill level 1 in Ice Magic
   752 | D:2      | Reached skill level 1 in Air Magic
   752 | D:2      | Reached skill level 1 in Earth Magic
   752 | D:2      | Reached skill level 1 in Poison Magic
   752 | D:2      | Reached skill level 1 in Evocations
   752 | D:2      | Reached skill level 1 in Shapeshifting
   752 | D:2      | Reached XP level 4. HP: 41/41 MP: 4/6
   752 | D:2      | Reached XP level 5. HP: 47/47 MP: 4/7
  1213 | D:2      | Reached XP level 6. HP: 53/53 MP: 8/8
  1522 | D:2      | Noticed Natasha
  1527 | D:2      | Killed Natasha
  1730 | D:2      | Noticed Natasha
  1744 | D:2      | Killed Natasha
  1745 | D:2      | Reached skill level 5 in Armour
  1745 | D:2      | Reached skill level 5 in Dodging
  2098 | D:2      | Noticed Natasha
  2117 | D:2      | Killed Natasha
  2495 | D:3      | Found a faded altar of an unknown god.
  2970 | D:4      | Reached XP level 7. HP: 60/60 MP: 10/10
  3053 | D:4      | Found an opulent altar of Gozag.
  3145 | D:4      | Found an iron altar of Okawaru.
  3213 | D:4      | Found a staircase to the Ecumenical Temple.
  3475 | D:5      | Entered Level 5 of the Dungeon
  3678 | D:5      | Reached XP level 8. HP: 64/67 MP: 12/12
  3758 | D:5      | Reached *** piety under Trog
  4276 | D:5      | Identified the +1 ring mail of Starshine {+Inv Dex+4}
  5099 | D:6      | Reached XP level 9. HP: 72/72 MP: 14/14
  5131 | D:7      | Noticed a troll
  5153 | D:7      | Noticed a hornet
  5156 | D:7      | Paralysed by a hornet for 3 turns
  5179 | D:7      | Paralysed by a hornet for 1 turns
  5184 | D:7      | Killed a hornet
  5193 | D:7      | Found a sand-covered staircase.
  5285 | Ossuary  | Entered an ossuary
  6058 | D:7      | Found a glowing golden altar of the Shining One.
  6124 | D:7      | Reached skill level 5 in Invocations
  6313 | D:7      | Killed a troll
  6379 | D:7      | Reached skill level 5 in Ranged Weapons
  6916 | D:6      | Reached XP level 10. HP: 80/80 MP: 17/17
  7416 | D:8      | Reached skill level 5 in Short Blades
  7416 | D:8      | Reached skill level 5 in Long Blades
  7416 | D:8      | Reached skill level 5 in Maces & Flails
  7416 | D:8      | Reached skill level 5 in Polearms
  7416 | D:8      | Reached skill level 5 in Staves
  7416 | D:8      | Reached skill level 5 in Throwing
  7416 | D:8      | Reached skill level 5 in Stealth
  7416 | D:8      | Reached skill level 5 in Shields
  7416 | D:8      | Reached skill level 5 in Unarmed Combat
  7416 | D:8      | Reached skill level 5 in Spellcasting
  7416 | D:8      | Reached skill level 5 in Evocations
  7461 | D:8      | Reached **** piety under Trog
  7744 | D:8      | Found a sacrificial altar of Ru.
  7759 | D:8      | Found an ornate altar of the Wu Jian Council.
  7928 | D:8      | Found a shadowy altar of Dithmenos.
  8674 | D:9      | Slain by a vampire

Illustrated notes

Levels and vault maps discovered:
D:1:      saegor_arrival_simple_d, layout_rooms, kennysheep_another_room
D:2:      layout_basic, kennysheep_generic_room_9, uniq_sigmund, uniq_natasha
D:3:      layout_loops_ring, shapermc_ecumenical_altar_flowoftime
D:4:      layout_cave_pools, mainiacjoe_overflow_alcove_1, okawaru_trees_1,
          minmay_temple_entry_sparse_star, corexii_corridor_pit
D:5:      layout_loops_corners, minmay_circle_x
D:6:      layout_gridville, minmay_misc_feat_iff, chequers_serial_rivers_micro_b
D:7:      layout_loops_corners, nicolae_tso_swordbearing_angel,
          nicolae_ossuary_entry_false_entrances, minmay_manual_mail
D:8:      layout_basic, mainiacjoe_overflow_catwalk_spiral, marbit_many_paths,
          minmay_misc_feat_x
D:9:      layout_rooms, serial_shops, nicolae_shop_tiny_statue_garden

Skill      XL: |  1  2  3  4  5  6  7  8  9 10 |
---------------+-------------------------------+-----
Invocations    | 1 2 3 4 5 |  5.7
Short Blades   | 1 2 3 4 5 |  5.2
Long Blades    | 1 2 3 4 5 |  5.2
Maces & Flails | 1 2 3 4 5 |  5.2
Polearms       | 1 2 3 4 5 |  5.2
Staves         | 1 2 3 4 5 |  5.2
Ranged Weapons | 1 2 3 5 |  5.8
Throwing       | 1 2 3 4 5 |  5.2
Stealth        | 1 2 3 4 5 |  5.2
Shields        | 1 2 3 4 5 |  5.2
Unarmed Combat | 1 2 3 4 5 |  5.2
Spellcasting   | 1 2 3 4 5 |  5.2
Conjurations   | 1 2 3 4 |  4.2
Hexes          | 1 2 3 4 |  4.2
Summonings     | 1 2 3 4 |  4.2
Necromancy     | 1 2 3 4 |  4.2
Translocations | 1 2 3 4 |  4.2
Transmutations | 1 2 3 4 |  4.2
Fire Magic     | 1 2 3 4 |  4.2
Ice Magic      | 1 2 3 4 |  4.2
Air Magic      | 1 2 3 4 |  4.2
Earth Magic    | 1 2 3 4 |  4.2
Poison Magic   | 1 2 3 4 |  4.2
Evocations     | 1 2 3 4 5 |  5.2
Shapeshifting  | 1 2 3 4 |  4.7
Armour         | 5 6 7 |  7.0
Dodging        | 5 6 7 |  7.0
Fighting       | 7 8 |  8.4
Axes           | 7 8 |  8.4

Action                     |  1- 3 |  4- 6 |  7- 9 | 10-12 || total
---------------------------+-------+-------+-------+-------++-------
  Melee: Hand axe          |    86 |   176 |   118 |       ||   380
         Bite              |    10 |    19 |    39 |    12 ||    80
         Punch             |     1 |     3 |    14 |     2 ||    20
         War axe           |       |       |   289 |    93 ||   382
   Fire: Shortbow          |       |       |       |     3 ||     3
  Throw: Javelin           |       |       |     3 |       ||     3
 Invoke: Berserk           |     1 |     2 |    10 |     2 ||    15
         Trog's Hand       |     1 |     1 |     4 |     1 ||     7
  Evoke: Wand              |       |       |     1 |       ||     1
    Use: Scroll            |       |       |    21 |     1 ||    22
         Potion            |       |       |     1 |       ||     1
   Stab: Betrayed ally     |       |       |     1 |       ||     1
 Armour: Animal skin       |     5 |       |       |       ||     5
         Chain mail        |    44 |   132 |   401 |   110 ||   687
         Skin              |       |     2 |       |       ||     2
  Dodge: Dodged            |    36 |    78 |   194 |    48 ||   356

Table legend: (Time is in decaauts)
 A = Elapsed time spent in this place.
 B = Non-inter-level travel time spent in this place.
 C = Inter-level travel time spent in this place.
 D = Time resting spent in this place.
 E = Time spent auto-exploring this place.
 F = Levels seen in this place.
 G = Mean time per level.
                   A        B        C        D        E       F      G
               +--------+--------+--------+--------+--------+-----+--------+
         Total |   8858 |   8345 |    513 |    654 |   5967 |  10 |  885.8 |
       Dungeon |   8419 |   7906 |    513 |    654 |   5665 |   9 |  935.4 |
       Ossuary |    438 |    438 |      0 |      0 |    302 |   1 |  438.0 |
               +--------+--------+--------+--------+--------+-----+--------+

Top non-repeatable levels by time:
     D:2: 1562 daAuts
     D:7: 1322 daAuts
     D:8: 1266 daAuts
     D:5: 1249 daAuts
     D:6: 1025 daAuts
     D:3: 717 daAuts
     D:1: 645 daAuts
     D:4: 573 daAuts
 Ossuary: 438 daAuts
     D:9: 57 daAuts
